 Dungeon Crawl Stone Soup version 0.30.1-11-g7821555f0a (webtiles) character file.

Game seed: 7196978419104715160

144 RancidPinata the Cudgeller (level 5, 0/33 HPs)
             Began as a Gargoyle Gladiator on Nov 16, 2023.
             Was an Initiate of Okawaru.
             Slain by an ogre
             ... wielding a +0 giant spiked club
              (33 damage)
             ... on level 3 of the Dungeon.
             The game lasted 00:08:32 (2376 turns).

RancidPinata the Cudgeller (Gargoyle Gladiator)     Turns: 2376, Time: 00:08:32

Health: 0/33       AC:  8    Str: 18    XL:     5   Next: 27%
Magic:  5/5        EV: 12    Int: 10    God:    Okawaru [......]
Gold:   230        SH:  0    Dex: 17    Spells: 3/4 levels left

rFire   . . .        g - +0 spear (venom)
rCold   . . .        (no shield)
rNeg    + . .        b - +0 leather armour
rPois   ∞            c - +0 helmet
rElec   +            (no cloak)
rCorr   .            (no gloves)
SInv    .            (no boots)
Will    .....        (no amulet)
Stlth   +            f - +6 ring of dexterity
HPRegen 0.25/turn    (no ring)
MPRegen 0.09/turn

%: no passive effects
@: no status effects
A: sickness immunity, AC +4, negative energy resistance 1, electricity
resistance, torment resistance 1, petrification resistance
a: Renounce Religion


You were on level 3 of the Dungeon.
You worshipped Okawaru.
Okawaru was noncommittal.
You visited 1 branch of the dungeon, and saw 3 of its levels.

You collected 230 gold pieces.

Inventory:

Hand Weapons
 a - a +0 flail
 g - a +0 spear of venom (weapon)
Missiles
 d - 3 throwing nets (quivered)
 e - a javelin
 h - 19 stones
Armour
 b - a +0 leather armour (worn)
 c - a +0 helmet (worn)
Jewellery
 f - a +6 ring of dexterity (left hand)
Wands
 o - a wand of roots (9)
 t - a wand of polymorph (3)
Scrolls
 i - 2 scrolls of identify {unknown}
 j - 3 scrolls of fog {unknown}
 l - a scroll of amnesia {unknown}
 p - a scroll of poison {unknown}
 r - a scroll of brand weapon {unknown}
 s - 2 scrolls of teleportation {unknown}
Potions
 k - 2 potions of degeneration {unknown}
 m - a potion of cancellation {unknown}
 n - a potion of attraction {unknown}
 q - 2 potions of curing {unknown}


   Skills:
 * Level 3.6 Fighting
 * Level 4.0 Maces & Flails
 + Level 0.4 Polearms
 + Level 2.5 Throwing
 + Level 1.9 Armour
 - Level 2.4 Dodging


You had 3 spell levels left.
You knew the following spells:

 Your Spells              Type           Power      Damage    Failure   Level
a - Sting                 Tmut/Pois      0%         1d3       41%         1

Your spell library contained the following spells:

 Spells                   Type           Power      Damage    Failure   Level
 Poisonous Vapours        Pois/Air       0%         N/A       56%         2
 Olgreb's Toxic Radiance  Pois           0%         N/A       99%         4


Dungeon Overview and Level Annotations

Branches:
Dungeon (3/15)

Altars:
Okawaru


Innate Abilities, Weirdness & Mutations

You are immune to sickness and miasma.
Your stone body is resilient. (AC +4)
You are immune to poison.
You resist negative energy. (rN+)
You are resistant to electric shocks. (rElec)
You are resistant to unholy torment.
You are immune to petrification.


Message History

You barely miss the orc. The orc hits you but does no damage.
The orc closely misses you.
You hit the orc but do no damage. The orc barely misses you.
You barely miss the orc. The orc hits you but does no damage.
You hit the orc.
The orc is poisoned.
The orc is moderately wounded.
The orc hits you but does no damage.
You hit the orc but do no damage.
The orc looks as sick as possible!
The orc is moderately wounded.
The orc barely misses you.
You closely miss the orc.
The orc is moderately wounded.
The orc hits you but does no damage.
You hit the orc but do no damage.
The orc looks as sick as possible!
The orc is severely wounded.
You kill the orc!
Okawaru accepts your kill.
Found a Young Poisoner's Handbook.
Things that are here:
a +0 dagger; a +0 chain mail
Found 11 gold pieces.
You pick up a Young Poisoner's Handbook and begin reading...
You add the spells Sting, Poisonous Vapours and Olgreb's Toxic Radiance to your library.
Memorise Sting, consuming 1 spell level and leaving 3?
You start memorising the spell.
You continue memorising.
You finish memorising.
Spell assigned to 'a'.
You now have 230 gold pieces (gained 11).
A frilled lizard comes into view.
Found a stone staircase leading down.
The frilled lizard hisses angrily.
An ogre comes into view. It is wielding a +0 giant spiked club.
The ogre shouts!
You hit the frilled lizard.
You kill the frilled lizard!
Okawaru accepts your kill.
Found 19 gold pieces.
You hit the ogre but do no damage.
The ogre hits you with a +0 giant spiked club!!
Ouch! That really hurt!
You die...

.# .. #.# .### #.#
$... ## #.# .>.
..##.# ..# #.##.#
# #.# #.##.# # #O#
#.#..# #
#@#.###....#######
#.#......#........
#.#####....#######
#.###.#.#.## #
#.##.#..#.# #
#...###.#.# #
####.#.)#.######
##.....##...###
#........#....


You could see an ogre.

Vanquished Creatures
  Jessica (D:2)
  Ijyb (D:3)
  Robin (D:2)
  An adder (D:1)
  3 worms (D:2)
  A dart slug (D:2)
  An orc (D:3)
  4 endoplasms
  A giant cockroach (D:1)
  12 goblins
  10 hobgoblins
  4 quokkas
  6 ball pythons
  3 frilled lizards
  7 kobolds
  A rat (D:2)
57 creatures vanquished.

Notes
Turn   | Place    | Note
-------+----------+-------------------------------------------
     0 | D:1      | RancidPinata the Gargoyle Gladiator began the quest for the
                  | Orb.
     0 | D:1      | Reached XP level 1. HP: 12/12 MP: 1/1
   251 | D:1      | Reached XP level 2. HP: 18/18 MP: 2/2
   552 | D:2      | Noticed Jessica
   565 | D:1      | Reached skill level 1 in Armour
   565 | D:1      | Reached XP level 3. HP: 22/22 MP: 3/3
   671 | D:2      | Killed Jessica
   742 | D:2      | Reached XP level 4. HP: 21/28 MP: 4/4
  1049 | D:2      | Noticed Robin
  1090 | D:2      | Killed Robin
  1848 | D:2      | Found an iron altar of Okawaru.
  1856 | D:2      | Became a worshipper of Warmaster Okawaru
  2064 | D:3      | Noticed Ijyb
  2118 | D:3      | Killed Ijyb
  2119 | D:3      | Reached skill level 4 in Maces & Flails
  2119 | D:3      | Reached XP level 5. HP: 32/32 MP: 5/5
  2324 | D:3      | Learned a level 1 spell: Sting
  2373 | D:3      | Noticed an ogre
  2376 | D:3      | Slain by an ogre

Illustrated notes

Levels and vault maps discovered:
D:1:      scummos_arrival_simple_crosswalls, layout_basic,
          dreamdust_wishing_well
D:2:      layout_rooms, basic_altar, serial_aquarium,
          aquarium_bridge_island_small [aquarium_subvault_small_open,
          aquarium_subvault_balcony, aquarium_subvault_wall,
          aquarium_subvault_bridge, aquarium_subvault_wall],
          aquarium_window_corridor_1, aquarium_window_2, aquarium_window_corner,
          aquarium_view_2g, aquarium_balcony_5b, uniq_robin, uniq_jessica
D:3:      layout_loops_ring, uniq_ijyb, uniq_crazy_yiuf_cottage

Skill      XL: |  1  2  3  4 |
---------------+-------------+-----
Throwing       | 2 |  2.5
Armour         | 1 |  1.9
Fighting       | 3 |  3.6
Maces & Flails | 4 |  4.0
Polearms       | |  0.4
Dodging        | |  2.4

Action                     |  1- 3 |  4- 6 || total
---------------------------+-------+-------++-------
  Melee: Flail             |    24 |       ||    24
         Spear             |    42 |   110 ||   152
         Punch             |       |     1 ||     1
  Throw: Throwing net      |     1 |       ||     1
    Use: Scroll            |       |     1 ||     1
   Stab: Sleeping          |       |     3 ||     3
 Armour: Leather armour    |    25 |    32 ||    57
  Dodge: Dodged            |    39 |    60 ||    99
